 Dungeon Crawl Stone Soup version 0.20.0-15-g7f486f2 (webtiles) character file.

17701 vishdafish the Cleaver (level 12, -1/91 HPs)
             Began as a Formicid Fighter on June 29, 2017.
             Was a High Priest of Cheibriados.
             Slain by a wyvern skeleton (8 damage)
             ... on level 15 of the Dungeon on June 30, 2017.
             The game lasted 00:29:15 (11203 turns).

vishdafish the Cleaver (Formicid Fighter)          Turns: 11203, Time: 00:29:16

Health: -1/91      AC: 19    Str: 37    XL:     12   Next: 85%
Magic:  3/17       EV: 15    Int: 28    God:    Cheibriados [*****.]
Gold:   590        SH: 16    Dex: 27    Spells: 11/11 levels left

rFire    + . .     SeeInvis +   a - +0 war axe
rCold    . . .     Gourm    .   c - +0 shield
rNeg     + + .     Faith    .   L - +0 plate armour
rPois    .         Spirit   .   (helmet unavailable)
rElec    .         Reflect  .   N - +1 cloak {+Inv}
rCorr    .         Harm     .   R - +1 pair of gloves
MR       +....     Clarity  +   (no boots)
Stlth    ..........             (no amulet)
Regen    0.3/turn               K - ring "Suinixka" {rN+ Int+3}
MPRegen  0.2/turn               D - ring of the Octopus King {rN+ AC+1 EV+1 Str+1 Int+1 Dex+1}

@: very slow
A: permanent stasis, dig shafts and tunnels, four strong arms, antennae 3,
rugged brown scales 1, clarity, fire resistance 1
a: Dig, Shaft Self, Bend Time, Temporal Distortion, Slouch, Step From Time,
Renounce Religion, Evoke Invisibility


You were on level 15 of the Dungeon.
You worshipped Cheibriados.
Cheibriados was extremely pleased with you.
You were not hungry.

You visited 1 branch of the dungeon, and saw 15 of its levels.

You collected 590 gold pieces.

Inventory:

Hand Weapons
 a - a +0 war axe (weapon)
 Y - a cursed +2 dire flail of protection
Missiles
 W - 26 bolts
Armour
 b - a +0 scale mail
 c - a +0 shield (worn)
 i - a +0 pair of gloves
 L - a +0 plate armour (worn)
 N - a +1 cloak of invisibility (worn)
 R - a +1 pair of gloves (worn)
Jewellery
 j - an uncursed ring of protection from cold
 D - a ring of the Octopus King (right hand) {rN+ AC+1 EV+1 Str+1 Int+1 Dex+1}
   (You found it on level 5 of the Dungeon)

   [ring of positive energy]

   It affects your AC (+1).
   It affects your evasion (+1).
   It affects your strength (+1).
   It affects your intelligence (+1).
   It affects your dexterity (+1).
   It protects you from negative energy.
 H - an uncursed ring of flight
 K - the ring "Suinixka" (left hand) {rN+ Int+3}
   (You found it on level 8 of the Dungeon)

   [ring of positive energy]

   It affects your intelligence (+3).
   It protects you from negative energy.
 T - a +3 amulet of reflection {unknown}
 V - a cursed ring of teleportation {unknown}
Wands
 h - a wand of polymorph (11/24)
 G - a wand of acid (9/15)
 M - a wand of paralysis (0/24)
 O - a wand of clouds (3/9)
 S - a wand of confusion (30/48)
Scrolls
 k - 3 scrolls of enchant weapon
 o - 3 scrolls of remove curse
 p - 2 scrolls of amnesia {unknown}
 q - 11 scrolls of teleportation
 t - a scroll of torment {unknown}
 v - a scroll of fog {unknown}
 x - 3 scrolls of magic mapping {unknown}
 y - a scroll of immolation {unknown}
 E - a scroll of noise {unknown}
 F - 2 scrolls of recharging
 I - a scroll of summoning {unknown}
 U - a scroll of blinking {unknown}
Potions
 d - 3 potions of might
 e - a potion of curing
 g - a potion of resistance {unknown}
 m - 2 potions of berserk rage
 n - a potion of lignification {unknown}
 r - a potion of invisibility {unknown}
 s - 5 potions of magic
 u - 2 potions of agility
 w - a potion of cancellation {unknown}
 A - a potion of haste {unknown}
 B - a potion of flight {unknown}
 C - 2 potions of brilliance
 X - a potion of degeneration {unknown}
Books
 J - a book of Flames

   Spells                             Type                      Level
   a - Flame Tongue                   Conjuration/Fire             1
   b - Throw Flame                    Conjuration/Fire             2
   c - Conjure Flame                  Conjuration/Fire             3
   d - Inner Flame                    Hexes/Fire                   3
   e - Sticky Flame                   Conjuration/Fire             4
   f - Fireball                       Conjuration/Fire             5
Miscellaneous
 Z - a sack of spiders
Comestibles
 f - 10 bread rations
 l - 9 royal jellies
 z - 3 meat rations
 P - 9 fruits


   Skills:
 + Level 6.7 Fighting
 * Level 12.9 Axes
 + Level 6.5 Armour
 * Level 6.3 Dodging
 * Level 12.0 Shields
 * Level 7.7 Invocations


You had 11 spell levels left.
You didn't know any spells.

Dungeon Overview and Level Annotations

Branches:
Dungeon (15/15)            Temple (0/1) D:5            Lair (0/6) D:11
    Orc (0/2) D:12
 Vaults: D:13-14     Depths: D:15

Altars:
Cheibriados
Fedhas
Nemelex Xobeh
Qazlal
Uskayaw
Xom

Shops:
D:4 *   D:6 (

Annotations:
D:15 miragecloak's ghost, journeyman FoAK


Innate Abilities, Weirdness & Mutations

You cannot be hasted, slowed, berserked, paralysed or teleported.
You can dig through walls and to a lower floor.
Your four strong arms can wield two-handed weapons with a shield.
You have a pair of large antennae on your head. (SInv)
You are partially covered in rugged brown scales. (AC +1, +3% HP)
You possess an exceptional clarity of mind.
Your flesh is heat resistant. (rF+)


Message History

Found a leather armour.
You see here a stone.
The skeletal warrior throws a stone.
You block the stone.
The skeletal warrior throws a stone.
The stone hits you!
* * * LOW HITPOINT WARNING * * *
You see here 3 stones.
The skeletal warrior throws a stone.
You block the stone.
The skeletal warrior throws a stone.
You block the stone.
You see here a stone.
The skeletal warrior throws a stone.
You block the stone.
The skeletal warrior throws a stone.
The stone hits you!
* * * LOW HITPOINT WARNING * * *
You see here 2 stones.
Found a shiny chain mail.
You step out of the flow of time.
You return to the normal time flow.
You feel somewhat more hungry.
Cheibriados lowers the support of your attributes as your movement quickens.
A wyvern skeleton comes into view.
You block the wyvern skeleton's attack. The wyvern skeleton bites you!
You die...

......................#
............[.........##
......####..............
....(.# #..............
...z..# #.............#
..(...# #.............#
.(....# #.............#
(.....# #........(....#
......# #......@......#
......# #....WZ.......#
......# #.............#
......# #.............#
......# #.........[...#
......# #.........<...#
......# #.............#
...)..# #.............#
......# #.............#


You could see miragecloak's ghost and a wyvern skeleton.

Vanquished Creatures
  Josephine (D:10)
  The ghost of spgg the Nimble, a journeyman OpTm of Okawaru (D:11)
  2 two-headed ogres
  3 ugly things
  A wolf spider zombie (D:15)
  A manticore (D:11)
  A centaur zombie (D:10)
  Joseph (D:7)
  Maurice (D:8)
  2 gargoyles (D:10)
  A freezing wraith (D:14)
  8 trolls
  4 hippogriffs
  3 wraiths
  A water elemental (D:11)
  2 wyverns
  6 yaks (D:12)
  2 hungry ghosts
  An acid dragon (D:11)
  A water moccasin (D:8)
  Edmund (D:5)
  2 ice beasts
  A phantom (D:10)
  10 orc warriors
  A sky beast (shapeshifter) (D:14)
  A necrophage (D:5)
  2 wolves (D:11)
  2 sky beasts
  6 ogres
  2 crocodiles
  12 centaurs
  3 big kobolds
  3 bullfrogs
  4 scorpions
  8 wights
  5 howler monkeys
  3 crimson imps
  A jelly (D:10)
  3 centaur skeletons
  6 orc priests
  3 bullfrog skeletons
  9 hounds
  2 iguanas
  12 orc wizards
  9 worker ants
  Terence (D:2)
  2 hound skeletons
  A worker ant zombie (D:10)
  2 gnolls (D:7)
  A howler monkey skeleton (D:6)
  14 adders
  4 river rats (D:7)
  5 shadow imps
  3 oozes
  A worm (D:2)
  2 dart slugs (D:3)
  6 leopard geckos
  57 orcs
  5 bats
  4 giant cockroaches
  8 goblins
  5 hobgoblins
  18 jackals
  25 kobolds
  3 quokkas
  4 ball pythons
  5 frilled lizards
  A jackal skeleton (D:6)
  A leopard gecko skeleton (D:4)
  A leopard gecko zombie (D:6)
  6 rats
  A plant (D:7)
340 creatures vanquished.

Vanquished Creatures (others)
  A centaur simulacrum (D:14)
  7 plants (D:7)
8 creatures vanquished.

Grand Total: 348 creatures vanquished

Notes
Turn   | Place    | Note
-------+----------+-------------------------------------------
     0 | D:1      | vishdafish the Formicid Fighter began the quest for the Orb.
     0 | D:1      | Reached XP level 1. HP: 18/18 MP: 1/1
   176 | D:1      | Reached XP level 2. HP: 22/24 MP: 2/2
   589 | D:1      | Reached XP level 3. HP: 25/29 MP: 3/3
  1235 | D:2      | Reached XP level 4. HP: 27/37 MP: 4/4
  1514 | D:2      | Reached skill level 1 in Dodging
  1521 | D:2      | Noticed Terence
  1544 | D:2      | Killed Terence
  1544 | D:2      | Reached XP level 5. HP: 29/42 MP: 5/5
  1807 | D:3      | Noticed a bullfrog
  1816 | D:3      | Killed a bullfrog
  1889 | D:3      | Found a stormy altar of Qazlal.
  2124 | D:3      | Reached XP level 6. HP: 44/48 MP: 6/6
  2406 | D:4      | Reached skill level 5 in Shields
  2625 | D:4      | Found a sparkling altar of Nemelex Xobeh.
  2631 | D:4      | Found a snail-covered altar of Cheibriados.
  2671 | D:4      | Became a worshipper of Cheibriados the Contemplative
  2754 | D:4      | Found Biduufamp's Assorted Antiques.
  2922 | D:4      | Reached XP level 7. HP: 45/53 MP: 7/7
  2963 | D:5      | Entered Level 5 of the Dungeon
  3033 | D:5      | Found a staircase to the Ecumenical Temple.
  3081 | D:5      | Reached skill level 1 in Invocations
  3099 | D:5      | Reached skill level 5 in Axes
  3109 | D:5      | Noticed Edmund
  3114 | D:5      | Killed Edmund
  3140 | D:5      | Got a ring of the Octopus King
  3141 | D:5      | Identified a ring of the Octopus King {rN+ AC+1 EV+1 Str+1 Int+1 Dex+1} (You found it on level 5 of the Dungeon)
  3164 | D:5      | Reached * piety under Cheibriados
  3164 | D:5      | Reached XP level 8. HP: 60/60 MP: 9/9
  3678 | D:6      | Found Asiapsa's Antique Weapon Boutique.
  4147 | D:6      | Reached ** piety under Cheibriados
  4493 | D:7      | Reached XP level 9. HP: 61/66 MP: 9/11
  4591 | D:7      | Found a hide-covered altar of Uskayaw.
  4630 | D:7      | You fall through a shaft for 2 floors!
  4965 | D:9      | Found a shimmering altar of Xom.
  5084 | D:8      | Got a fine bronze ring
  5087 | D:8      | Identified the ring "Suinixka" {rN+ Int+3} (You found it on level 8 of the Dungeon)
  5138 | D:8      | Reached skill level 5 in Armour
  5141 | D:8      | Noticed Maurice
  5166 | D:8      | Killed Maurice
  5366 | D:8      | Reached *** piety under Cheibriados
  5439 | D:8      | Noticed a hippogriff
  5451 | D:8      | Killed a hippogriff
  5461 | D:8      | Reached XP level 10. HP: 71/73 MP: 13/13
  5603 | D:7      | Found a blossoming altar of Fedhas.
  5910 | D:7      | Noticed Joseph
  5927 | D:7      | Killed Joseph
  5927 | D:7      | Reached skill level 5 in Fighting
  6001 | D:7      | Reached **** piety under Cheibriados
  6648 | D:9      | Found a shimmering altar of Xom.
  6649 | D:9      | Found a shimmering altar of Xom.
  6649 | D:9      | Found a shimmering altar of Xom.
  6649 | D:9      | Found a shimmering altar of Xom.
  6650 | D:9      | Found a shimmering altar of Xom.
  6650 | D:9      | Found a shimmering altar of Xom.
  6799 | D:9      | Reached skill level 5 in Invocations
  6867 | D:9      | Reached skill level 10 in Axes
  7078 | D:9      | Noticed a manticore
  7471 | D:9      | Noticed a sea snake
  7477 | D:9      | Noticed a death drake
  7477 | D:9      | a sea snake changed into a death drake
  7627 | D:10     | Entered Level 10 of the Dungeon
  7627 | D:10     | Noticed a gargoyle
  7630 | D:10     | Killed a gargoyle
  7630 | D:10     | Reached XP level 11. HP: 80/80 MP: 15/15
  7643 | D:10     | Noticed a two-headed ogre
  7654 | D:10     | Killed a two-headed ogre
  7663 | D:10     | Reached ***** piety under Cheibriados
  7663 | D:10     | Reached skill level 10 in Shields
  8878 | D:11     | Noticed spgg's ghost (journeyman OpTm)
  8960 | D:11     | Killed spgg's ghost
  8960 | D:11     | Reached skill level 5 in Dodging
  9466 | D:11     | Noticed a red ugly thing
  9483 | D:11     | Killed a red ugly thing
  9488 | D:11     | Reached XP level 12. HP: 56/87 MP: 17/17
  9571 | D:11     | Noticed Josephine
  9573 | D:11     | Reached ****** piety under Cheibriados
  9602 | D:10     | Killed Josephine
 10091 | D:11     | Found a staircase to the Lair.
 10093 | D:11     | Noticed an eight-headed hydra
 10100 | D:11     | You fall through a shaft!
 10306 | D:12     | Gained mutation: You do not regenerate when monsters are visible. [potion of mutation]
 10306 | D:12     | Gained mutation: Your flesh is cold resistant. (rC+) [potion of mutation]
 10306 | D:12     | Gained mutation: You passively map a small area around you. [potion of mutation]
 10307 | D:12     | Gained mutation: You occasionally shout uncontrollably at your foes. [mutagenic meat]
 10308 | D:12     | Gained mutation: You are partially covered in rugged brown scales. (AC +1, +3% HP) [mutagenic meat]
 10309 | D:12     | Gained mutation: Your mind is acute. (Int +2) [mutagenic meat]
 10310 | D:12     | Lost mutation: You occasionally shout uncontrollably at your foes. [potion of mutation]
 10310 | D:12     | Lost mutation: Your mind is acute. (Int +2) [potion of mutation]
 10310 | D:12     | Lost mutation: Your flesh is cold resistant. (rC+) [potion of mutation]
 10310 | D:12     | Lost mutation: You passively map a small area around you. [potion of mutation]
 10310 | D:12     | Lost mutation: You do not regenerate when monsters are visible. [potion of mutation]
 10310 | D:12     | Gained mutation: Your flesh is heat resistant. (rF+) [potion of mutation]
 10310 | D:12     | Gained mutation: You possess an exceptional clarity of mind. [potion of mutation]
 10503 | D:12     | Found a staircase to the Orcish Mines.
 10543 | D:12     | Noticed a six-headed hydra
 10548 | D:12     | You fall through a shaft for 3 floors!
 10548 | D:15     | Entered Level 15 of the Dungeon
 10696 | D:15     | Noticed miragecloak's ghost (journeyman FoAK)
 10771 | D:13     | Noticed a two-headed ogre
 10772 | D:13     | Noticed an ogre mage
 10782 | D:13     | Killed a two-headed ogre
 10909 | D:13     | Noticed a two-headed ogre
 10913 | D:13     | You fall through a shaft!
 11168 | D:14     | You fall through a shaft!
 11170 | D:15     | Noticed a skeletal warrior
 11174 | D:15     | Noticed a centaur warrior
 11190 | D:15     | HP: 1/91 [skeletal warrior/stone (14)]
 11203 | D:15     | Slain by a wyvern skeleton

Skill      XL: |  1  2  3  4  5  6  7  8  9 10 11 12 |
---------------+-------------------------------------+-----
Shields        | 4 5 6 8 9 11 12 | 12.0
Dodging        | 1 2 3 4 5 6 |  6.3
Axes           | 3 4 5 7 8 10 11 12 | 12.9
Armour         | 4 5 6 |  6.5
Invocations    | 1 2 4 5 6 7 |  7.7
Fighting       | 4 5 6 |  6.7

Action                   |  1- 3 |  4- 6 |  7- 9 | 10-12 || total
-------------------------+-------+-------+-------+-------++-------
Melee: War axe           |   134 |   173 |   319 |   724 ||  1350
Invok: Step From Time    |       |       |       |     2 ||     2
       Slouch            |       |       |       |     2 ||     2
 Abil: Shaft Self        |       |       |     1 |     4 ||     5
  Use: Scroll            |     1 |     6 |       |     4 ||    11
       Potion            |       |       |     1 |     7 ||     8
  Eat: Chunk             |     1 |     1 |     2 |     8 ||    12
       Meat ration       |       |     1 |       |     3 ||     4
       Bread ration      |       |       |     1 |       ||     1
       Fruit             |       |       |     1 |       ||     1
Armor: Scale mail        |    58 |   100 |    64 |       ||   222
       Plate armour      |       |       |    29 |   240 ||   269
Dodge: Dodged            |    54 |    72 |   119 |   258 ||   503
Block: Shield            |    83 |   102 |   182 |   584 ||   951
